 Dungeon Sprint DCSS version 0.23-a0-136-g722f094 (webtiles) character file.

39 emperorscorpion the Gusty (level 3, -3/21 HPs)
             Began as an Octopode Air Elementalist on Aug 28, 2018.
             Was an Initiate of Sif Muna.
             Shot with an arrow by a centaur (16 damage)
             ... in the Dungeon (Sprint IX: "|||||||||||||||||||||||||||||").
             The game lasted 00:01:01 (117 turns).

emperorscorpion the Gusty (OpAE)                     Turns: 117, Time: 00:01:02

Health: -3/21      AC:  1    Str: 10    XL:     3   Next: 45%
Magic:  6/8        EV: 14    Int: 21    God:    Sif Muna [......]
Gold:   0          SH:  0    Dex: 12    Spells: 6/9 levels left

rFire    . . .     SeeInvis .   a - +4 quarterstaff (speed)
rCold    . . .     Gourm    .   (shield currently unavailable)
rNeg     . . .     Faith    .   (helmet restricted)
rPois    .         Spirit   .   (no amulet)
rElec    .         Reflect  .   n - +3 ring of intelligence
rCorr    .         Harm     .   o - +3 ring of strength
MR       .....     NoTele   +   (no ring)
Stlth    +++.......             (no ring)
HPRegen  0.07/turn              (no ring)
MPRegen  0.11/turn              (no ring)
                                (no ring)
                                (no ring)

@: swift, quick
A: almost no armour, stealthy swim, amphibious, 8 rings, constrict 8, camouflage
1, gelatinous body 1
a: Renounce Religion


You were in the Dungeon.
You worshipped Sif Muna.
Sif Muna was noncommittal.
You were not hungry.

You visited 1 branch

Inventory:

Hand Weapons
 a - a +4 quarterstaff of speed (weapon)
Magical Staves
 b - an uncursed staff of energy
Jewellery
 n - a +3 ring of intelligence (left tentacle)
 o - a +3 ring of strength (right tentacle)
Wands
 k - a wand of iceblast (9)
Scrolls
 h - 2 scrolls of blinking
 i - 3 scrolls of remove curse
 j - 2 scrolls of amnesia
Potions
 c - 5 potions of curing
 d - 3 potions of heal wounds
 e - a potion of haste
 f - 4 potions of magic
 g - a potion of invisibility
Comestibles
 l - a ration
 m - 2 chunks of flesh


   Skills:
 + Level 2.8 Dodging
 - Level 3.1 Stealth
 + Level 0.5 Unarmed Combat
 * Level 3.8 Spellcasting
 + Level 1.6 Conjurations
 + Level 5.4 Air Magic


You had 6 spell levels left.
You knew the following spells:

 Your Spells              Type           Power        Failure   Level  Hunger
a - Shock                 Conj/Air       ###.         2%          1    None
b - Swiftness             Chrm/Air       ###.....     6%          2    #......

Your spell library contained the following spells:

 Spells                   Type           Power        Failure   Level  Hunger
 Static Discharge         Conj/Air       ###.....     9%          3    ###....
 Airstrike                Air            ####......   13%         4    ####...
 Lightning Bolt           Conj/Air       ###.......   61%         5    ######.


Dungeon Overview and Level Annotations

Branches:
Dungeon (1/1)

Altars:
Cheibriados
Dithmenos
Elyvilon
Fedhas
Gozag
Hepliaklqana
Kikubaaqudgha
Makhleb
Nemelex Xobeh
Okawaru
Qazlal
Ru
Sif Muna
Trog
Uskayaw
Vehumet
Wu Jian
Xom
Yredelemnul
Zin
The Shining One
Beogh
Jiyva
Lugonu


Innate Abilities, Weirdness & Mutations

You cannot wear most types of armour.
You are very stealthy in the water. (Stealth+)
You are amphibious.
You can wear up to eight rings at the same time.
You can use your tentacles to constrict eight enemies at once.
Your skin changes colour to match your surroundings (Stealth+).
Your rubbery body absorbs attacks. (AC +1, EV +1)


Message History

You finish memorising.
Spell assigned to 'b'.
Casting: Shock (safe; 2% risk of failure)
Confirm with . or Enter, or press ? or * to list all spells.
You feel quick.
You open the door.
A leopard gecko, a yak, a jelly, a centaur, a troll and a howler monkey come The leopard gecko hisses angrily.
The howler monkey howls!
The troll shouts!
You see here a +1 chain mail.
You see here a +0 helmet.
You see here a +0 pair of boots.
Evoke which item? (* to show all) (? for menu, Esc to quit)
Aiming: Iceblast
Press: ? - help, Shift-Dir - straight line, f - centaur
Aim: a centaur (hasn't noticed you)
The mass of ice explodes!
The iceblast engulfs the centaur.
The centaur is almost dead.
The centaur shouts!
The yak bellows!
The centaur wields a shortbow.
The centaur shoots an arrow.
The arrow hits you!
Ouch! That really hurt!
You die... ▓▓▓▓▓▓▓▓▓▓▓▓▓▓▓▓▓▓▓▓▓▓▓▓▓▓▓▓ JlThY.'.c[[@)...'___________ ▓▓▓▓▓▓▓▓▓▓▓▓▓▓▓▓▓▓▓▓▓▓▓▓▓▓▓▓

You could see a yak and a centaur.

Vanquished Creatures
  A worker ant (D)
  An adder zombie (D)
  An orc (D)
  A bat zombie (D)
  A goblin (D)
  A hobgoblin (D)
  A jackal (D)
  A frilled lizard (D)
  2 rats (D)
10 creatures vanquished.

Notes
Turn   | Place    | Note
-------+----------+-------------------------------------------
     0 | D        | emperorscorpion the Octopode Air Elementalist began the
                  | quest for the Orb.
     0 | D        | Reached XP level 1. HP: 11/11 MP: 3/3
    42 | D        | Noticed a worker ant
    43 | D        | Reached skill level 4 in Air Magic
    47 | D        | Reached XP level 2. HP: 17/17 MP: 0/5
    51 | D        | Reached skill level 5 in Air Magic
    51 | D        | Reached XP level 3. HP: 11/21 MP: 0/8
    60 | D        | Found a roughly hewn altar of Beogh.
    60 | D        | Found a snail-covered altar of Cheibriados.
    60 | D        | Found a shadowy altar of Dithmenos.
    60 | D        | Found a white marble altar of Elyvilon.
    60 | D        | Found a blossoming altar of Fedhas.
    60 | D        | Found an opulent altar of Gozag.
    61 | D        | Found a hazy altar of Hepliaklqana.
    62 | D        | Found a viscous altar of Jiyva.
    63 | D        | Found an ancient bone altar of Kikubaaqudgha.
    64 | D        | Found a corrupted altar of Lugonu.
    65 | D        | Found a burning altar of Makhleb.
    66 | D        | Found a sparkling altar of Nemelex Xobeh.
    67 | D        | Found an iron altar of Okawaru.
    68 | D        | Found a stormy altar of Qazlal.
    69 | D        | Found a sacrificial altar of Ru.
    70 | D        | Found a deep blue altar of Sif Muna.
    71 | D        | Found a bloodstained altar of Trog.
    72 | D        | Found a hide-covered altar of Uskayaw.
    73 | D        | Found a radiant altar of Vehumet.
    74 | D        | Found an ornate altar of the Wu Jian Council.
    75 | D        | Found a shimmering altar of Xom.
    76 | D        | Found a basalt altar of Yredelemnul.
    77 | D        | Found a glowing silver altar of Zin.
    78 | D        | Became a worshipper of Sif Muna the Loreminder
    79 | D        | Found a glowing golden altar of the Shining One.
   111 | D        | Learned a level 2 spell: Swiftness
   112 | D        | Noticed a troll
   112 | D        | Noticed a yak
   112 | D        | Noticed a centaur
   117 | D        | Shot with an arrow by a centaur

Vault maps used:
D:        linesprint

Skill      XL: |  1  2 |
---------------+-------+-----
Stealth        | 3 |  3.1
Air Magic      | 4 5 |  5.4
Spellcasting   | 3 |  3.8
Dodging        | |  2.8
Unarmed Combat | |  0.5
Conjurations   | |  1.6

Action                   || total
-------------------------++-------
Melee: Unarmed           ||     7
       Constrict         ||     3
       Tentacles         ||     3
 Cast: Shock             ||     5
       Swiftness         ||     1
Evoke: Wand              ||     1
  Use: Potion            ||     1
Armor: Skin              ||     2
Dodge: Dodged            ||     5

Table legend:
 A = Non-vault XP
 B = Vault XP
 C = Vault XP percentage of total XP
 D = Non-vault monster count
 E = Vault monster count
 F = Vault count percentage of total count
                 A         B        C        D         E       F
            +---------+---------+-------+---------+---------+-------
      Total |       0 |      56 | 100.0 |       0 |      10 | 100.0
            +---------+---------+-------+---------+---------+-------
          D |       0 |      56 | 100.0 |       0 |      10 | 100.0
            +---------+---------+-------+---------+---------+-------
